 Dungeon Crawl Stone Soup version 0.31.0-2-g5a2aebc5c2 (webtiles) character file.

Game seed: 3263874750208976427

6994 Aviak the Fighter (level 11, -1/86 HPs)
             Began as a Djinni Shapeshifter on Jan 20, 2024.
             Was a Priest of Makhleb.
             Constricted to death by Erica (3 damage)
             ... on level 9 of the Dungeon.
             The game lasted 00:18:54 (7416 turns).

Aviak the Fighter (Djinni Shapeshifter)             Turns: 7416, Time: 00:18:54

Health: -1/86      AC:  7    Str: 13    XL:     11   Next: 29%
Gold:   902        EV: 16    Int: 17    God:    Makhleb [***...] SH:  0 Dex: 14

rFire   + + .        o - +10 dagger of the Original Sin {vamp, rElec rC+ Int+2, !w}
rCold   + + .        (no shield)
rNeg    . . .        x - +2 ring mail {rC+}
rPois   ∞            (helmet currently unavailable)
rElec   +            (cloak currently unavailable)
rCorr   .            (gloves currently unavailable)
SInv    .            (boots unavailable)
Will    +....        (no amulet)
Stlth   +            C - ring of protection from cold
HPRegen 0.34/turn    E - +5 ring of evasion
MPRegen 0.00/turn

%: infuse magic (-2 HP)
@: beast-form, flying, slowed, constricted, very slow
A: beast (slay +2), flying, sickness immunity, fire resistance 2, cold
vulnerability 1, float, innate caster, HP casting, extra vitality 1
a: Begin Untransformation, Renounce Religion, Minor Destruction, Lesser Servant
of Makhleb


You were on level 9 of the Dungeon.
You worshipped Makhleb.
Makhleb was most pleased with you.
You were a hulking beast.
You visited 2 branches of the dungeon, and saw 10 of its levels.
You also visited: Bailey.

You collected 972 gold pieces.
You spent 70 gold pieces at shops.

Inventory:

Hand Weapons
 o - the +10 dagger of the Original Sin (weapon) {vamp, rElec rC+ Int+2, !w}
   (You found it on level 3 of the Dungeon)

   Int+2:     It affects your intelligence (+2).
   rC+:       It protects you from cold.
   rElec:     It insulates you from electricity.
 L - the +0 long sword "Bahuxtuj" {protect, Fly rN+ rCorr Int+2}
   (You found it on level 8 of the Dungeon)

   Int+2:     It affects your intelligence (+2).
   rN+:       It protects you from negative energy.
   Fly:       It grants you flight.
   rCorr:     It protects you from acid and corrosion.
Armour
 l - a +0 kite shield
 u - a +0 tower shield
 x - a +2 ring mail of cold resistance (worn)
 y - a +1 robe of willpower
 I - +0 steam dragon scales
Magical Staves
 F - a staff of earth
 H - a staff of fire {rF+}
Jewellery
 C - a ring of protection from cold (left hand)
 E - a +5 ring of evasion (right hand)
Talismans
 d - a flux talisman
 e - a beast talisman (active)
 g - a serpent talisman
Wands
 r - a wand of acid (2)
 w - a wand of mindburst (8)
 G - a wand of paralysis (10)
 K - a wand of flame (36)
Scrolls
 h - a scroll of fear {unknown}
 k - 3 scrolls of enchant armour
 n - a scroll of immolation {unknown}
 p - 2 scrolls of brand weapon
 t - a scroll of blinking {unknown}
 v - a scroll of poison {unknown}
 A - a scroll of enchant weapon
 B - 3 scrolls of teleportation {unknown}
 J - a scroll of vulnerability {unknown}
 M - a scroll of silence {unknown}
Potions
 a - 2 potions of resistance {unknown}
 b - a potion of berserk rage
 f - a potion of haste
 j - 2 potions of might
 m - a potion of magic {unknown}
 q - a potion of attraction {unknown}
 s - 2 potions of mutation {!q}
 z - a potion of degeneration {unknown}
 D - 4 potions of enlightenment
 N - a potion of invisibility {unknown}


   Skills:
 + Level 10.4 Fighting
 - Level 1.0 Short Blades
 + Level 8.7 Dodging
 - Level 4.0 Unarmed Combat
 - Level 5.0 Spellcasting
 - Level 5.0 Conjurations
 - Level 5.0 Hexes
 - Level 5.0 Summonings
 - Level 5.0 Necromancy
 - Level 5.0 Translocations
 - Level 5.0 Fire Magic
 - Level 5.0 Ice Magic
 - Level 5.0 Air Magic
 - Level 5.0 Earth Magic
 - Level 5.0 Alchemy
 + Level 6.3 Invocations
 - Level 4.3 Shapeshifting


You knew the following spells:

 Your Spells              Type           Power      Damage    Failure   Level
a - Foxfire               Conj/Fire      84%        2x1d8     4%          1
b - Static Discharge      Conj/Air       42%        3-5/arc   6%          2
c - Fugue of the Fallen   Necr           21%        N/A       12%         3
d - Passage of Golubria   Tloc           21%        N/A       36%         4
e - Lee's Rapid Deconstr  Erth           10%        3d8*      73%         5
Your spell library was empty.

Dungeon Overview and Level Annotations

Branches:
Dungeon (9/15)             Temple (1/1) D:6          Bailey (visited)
   Lair: D:8-11         Orc: D:9-12

Altars:
Ashenzari
Cheibriados
Dithmenos
Elyvilon
Fedhas
Gozag
Hepliaklqana
Makhleb
Nemelex Xobeh
Okawaru
Qazlal
Ru
Trog
Uskayaw
Wu Jian
Xom
Yredelemnul
Zin
The Shining One

Shops:
D:2 =?*[!

Annotations:
D:3 2 transporters, diceflayer's ghost, amateur DsFi
D:9 Erica


Innate Abilities, Weirdness & Mutations

You are a hulking beast.
Your limbs bulge with bestial killing power. (Slay +2)
You are flying.
You are immune to sickness and miasma.
You are immune to poison.
Your flesh is very heat resistant. (rF++)
You are vulnerable to cold. (rC-)
You float through the air rather than walking.
You learn spells naturally, not from books.
Your magical power is your life essence.
You have superior vitality. (+4 MHP)


Message History

You miss something. You hit something.
You hear some strange, mumbled words.
A bolt of poison appears from out of thin air!
The bolt of poison hits you but does no damage.
You resist.
You miss something. Something hits you! Something grabs you.
You are constricted.
You puncture something! Something hits you!
You are constricted.
You puncture something!
You hear some strange, mumbled words.
A bolt of poison appears from out of thin air!
The bolt of poison hits you but does no damage.
You resist.
You are constricted.
You barely miss something.
You hear some strange, mumbled words.
A bolt of poison appears from out of thin air!
The bolt of poison misses you.
You are constricted.
You barely miss something. Something hits you!
You are constricted.
You puncture something!
You hear some strange, mumbled words.
You feel yourself slow down.
You are constricted.
You barely miss something. Something hits you! Something burns you.
You are constricted.
Something hits you!
* * * LOW HITPOINT WARNING * * *
You are constricted.
* * * LOW HITPOINT WARNING * * *
You feel better. Something hits you!
* * * LOW HITPOINT WARNING * * *
Something burns you.
* * * LOW HITPOINT WARNING * * *
You are constricted.
* * * LOW HITPOINT WARNING * * *
Okay, then.
You feel better. Something hits you!
* * * LOW HITPOINT WARNING * * *
Something burns you.
* * * LOW HITPOINT WARNING * * *
You are constricted.
You die...

....... ..♣P... P..
...... .. ♣.... .s
.... .# #.h .#
#{##.###### #
#†h.......# #.
###.......#
########.####..####.#
#......#.......####.#
######.###...........
######.###...........
##...........#.#####..
#.##.##.####.#... .
#.##.##.# #.#####


You could see a wolf.

Vanquished Creatures
  The ghost of dorian the Martial Artist, a novice OpSh of Wu Jian (D:8)
  An unseen horror (D:7)
  4 wyverns
  Eustachio (D:4)
  4 steam dragons
  4 water moccasins
  Duvessa (D:7)
  7 orc warriors
  3 ice beasts
  2 black bears
  2 sky beasts (D:7)
  An ogre (D:5)
  A wolf (D:9)
  3 centaurs
  10 kobold brigands (D:8)
  5 bullfrogs
  A gnoll sergeant (D:8)
  3 scorpions
  5 wights (D:7)
  Dowan (D:7)
  A killer bee (D:7)
  A howler monkey (D:8)
  4 hounds
  A jelly (D:5)
  A bombardier beetle (D:4)
  6 orc priests
  2 sleepcaps
  A gnoll bouda (D:7)
  Jessica (D:3)
  3 iguanas
  7 orc wizards
  16 gnolls
  9 adders
  A white imp (D:7)
  2 ribbon worms (D:2)
  2 dart slugs
  29 orcs
  6 endoplasms
  4 giant cockroaches
  9 hobgoblins
  17 kobolds
  A quokka (D:2)
  13 ball pythons
  6 bats
  4 frilled lizards
  13 goblins
  A rat (D:1)
221 creatures vanquished.

Vanquished Creatures (others)
  An orc wizard (D:7)
  37 foxfires
38 creatures vanquished.

Grand Total: 259 creatures vanquished

Notes
Turn   | Place    | Note
-------+----------+-------------------------------------------
     0 | D:1      | Aviak the Djinni Shapeshifter began the quest for the Orb.
     0 | D:1      | Reached XP level 1. HP: 17/17 MP: 0/0
   164 | D:1      | Reached XP level 2. HP: 22/22 MP: 0/0
   376 | D:1      | Reached XP level 3. HP: 14/27 MP: 0/0
   376 | D:1      | Learned a level 1 spell: Foxfire
   908 | D:2      | Found Faabenocso's Antique Armour Shop.
   920 | D:2      | Reached XP level 4. HP: 31/33 MP: 0/0
   978 | D:2      | Found Tis Puegh's Distillery.
   985 | D:2      | Bought a potion of heal wounds for 70 gold pieces
  1112 | D:2      | Reached skill level 2 in Fighting
  1249 | D:2      | Found Musechoi's Jewellery Shoppe.
  1485 | D:2      | Found Hoimek's Assorted Antiques.
  1593 | D:2      | Found Apaodwum's Magic Scroll Emporium.
  1632 | D:3      | Noticed Jessica
  1644 | D:3      | Killed Jessica
  1645 | D:3      | Reached XP level 5. HP: 22/39 MP: 0/0
  1645 | D:3      | Learned a level 2 spell: Static Discharge
  2010 | D:3      | HP: 1/39 [gnoll/+0 spear (5)]
  2256 | D:3      | Identified the +10 dagger of the Original Sin {vamp, rElec
                  | rC+ Int+2}
  2365 | D:3      | Found a transporter.
  2366 | D:3      | Noticed diceflayer's ghost (amateur DsFi)
  2366 | D:3      | Identified the +4 dire flail "Wosuqyclo" {holy, Int+2}
  2366 | D:3      | Noticed an ogre
  2371 | D:3      | Found a transporter.
  2371 | D:3      | Noticed an ogre
  2786 | D:4      | Reached XP level 6. HP: 45/45 MP: 0/0
  2808 | D:4      | Noticed Eustachio
  2825 | D:4      | Reached skill level 3 in Fighting
  2840 | D:4      | Killed Eustachio
  2841 | D:4      | Reached XP level 7. HP: 7/50 MP: 0/0
  2841 | D:4      | Learned a level 3 spell: Fugue of the Fallen
  3357 | D:5      | Entered Level 5 of the Dungeon
  3445 | D:5      | Reached skill level 4 in Fighting
  3445 | D:5      | Reached skill level 1 in Short Blades
  3502 | D:5      | Reached skill level 5 in Dodging
  3622 | D:5      | Reached skill level 1 in Spellcasting
  3622 | D:5      | Reached skill level 1 in Conjurations
  3622 | D:5      | Reached skill level 1 in Hexes
  3622 | D:5      | Reached skill level 1 in Summonings
  3622 | D:5      | Reached skill level 1 in Necromancy
  3622 | D:5      | Reached skill level 1 in Translocations
  3622 | D:5      | Reached skill level 1 in Fire Magic
  3622 | D:5      | Reached skill level 1 in Ice Magic
  3622 | D:5      | Reached skill level 1 in Air Magic
  3622 | D:5      | Reached skill level 1 in Earth Magic
  3622 | D:5      | Reached skill level 1 in Alchemy
  3622 | D:5      | Reached XP level 8. HP: 39/58 MP: 0/0
  3717 | D:5      | Found a broken altar of Ashenzari.
  4083 | D:5      | Reached skill level 5 in Fighting
  4535 | D:6      | Found a staircase to the Ecumenical Temple.
  4556 | Temple   | Entered the Ecumenical Temple
  4571 | Temple   | Became a worshipper of Makhleb the Destroyer
  4702 | D:6      | Found an opulent altar of Gozag.
  4851 | D:6      | Reached skill level 6 in Fighting
  4921 | D:6      | Noticed a water elemental
  4923 | D:6      | Found a stormy altar of Qazlal.
  4925 | D:6      | Noticed an air elemental
  4925 | D:6      | Noticed a fire elemental
  5233 | D:7      | Found a glowing silver altar of Zin.
  5277 | D:7      | Reached XP level 9. HP: 67/67 MP: 0/0
  5277 | D:7      | Learned a level 4 spell: Passage of Golubria
  5364 | D:7      | Reached * piety under Makhleb
  5365 | D:7      | Reached skill level 7 in Fighting
  5467 | D:7      | Found a flagged portal.
  5480 | Bailey   | Entered a bailey
  5676 | Bailey   | Reached ** piety under Makhleb
  5677 | Bailey   | Reached skill level 8 in Fighting
  5785 | D:7      | Reached skill level 5 in Spellcasting
  5785 | D:7      | Reached skill level 5 in Conjurations
  5785 | D:7      | Reached skill level 5 in Hexes
  5785 | D:7      | Reached skill level 5 in Summonings
  5785 | D:7      | Reached skill level 5 in Necromancy
  5785 | D:7      | Reached skill level 5 in Translocations
  5785 | D:7      | Reached skill level 5 in Fire Magic
  5785 | D:7      | Reached skill level 5 in Ice Magic
  5785 | D:7      | Reached skill level 5 in Air Magic
  5785 | D:7      | Reached skill level 5 in Earth Magic
  5785 | D:7      | Reached skill level 5 in Alchemy
  5926 | D:7      | Noticed Duvessa
  5938 | D:7      | Killed Duvessa
  5938 | D:7      | Noticed Dowan
  5939 | D:7      | Reached skill level 1 in Invocations
  5943 | D:7      | Killed Dowan
  6101 | D:7      | Reached XP level 10. HP: 77/77 MP: 0/0
  6337 | D:7      | Reached skill level 9 in Fighting
  6444 | D:7      | Killed an unseen horror
  7071 | D:8      | Found a runed translucent gate.
  7074 | D:8      | Found a runed translucent gate.
  7075 | D:8      | Found a runed translucent gate.
  7076 | D:8      | Noticed dorian's ghost (novice OpSh)
  7099 | D:8      | Killed dorian's ghost
  7100 | D:8      | Reached skill level 5 in Invocations
  7107 | D:8      | Reached XP level 11. HP: 85/85 MP: 0/0
  7107 | D:8      | Learned a level 5 spell: Lee's Rapid Deconstruction
  7113 | D:8      | Reached *** piety under Makhleb
  7116 | D:8      | Reached skill level 10 in Fighting
  7128 | D:8      | Identified the +0 long sword "Bahuxtuj" {protect, Fly rN+
                  | rCorr Int+2}
  7387 | D:9      | Noticed Erica
  7416 | D:9      | HP: 3/86 [something (10)]
  7416 | D:9      | Constricted to death by Erica

Illustrated notes

Levels and vault maps discovered:
D:1:      amcnicky_arrival_double_pillar, layout_loops_ring, serial_rivers,
          chequers_serial_rivers_micro_a, chequers_serial_rivers_micro_e,
          chequers_serial_rivers_small_3, chequers_serial_rivers_room_b
D:2:      layout_loops_ring, serial_shops, nicolae_shop_advertising_works
          [nicolae_subvault_shop_adworks], shop, shop, shop, shop,
          solitary_fountain, minmay_liquid_box
D:3:      layout_basic, lemuel_blue_sif_altar, gammafunk_ghost_smash,
          uniq_jessica
D:4:      layout_rooms, uniq_eustachio
D:5:      layout_loops_corners, mainiacjoe_overflow_paths
D:6:      layout_loops_ring, nicolae_qazlal_style_of_elements,
          mainiacjoe_overflow_alcove_1, minmay_temple_entry_offerings
D:7:      minmay_clustersquares, layout_gridville, mainiacjoe_overflow_catwalk,
          lightli_bailey_entry_fortress, uniq_duvessa
D:8:      layout_rooms, gammafunk_ghost_nasty_kobolds, minmay_ruined_shrine
D:9:      layout_loops_cross, minmay_lair_entry_grove, orc_0_dummy, special_room
          [special_room_orc], serial_shops, nicolae_shop_hallway_plus,
          hangedman_weighted_door, uniq_erica, uniq_maggie
Temple:   nicolae_temple_bog_church

Skill      XL: |  1  2  3  4  5  6  7  8  9 10 11 |
---------------+----------------------------------+-----
Shapeshifting  | 3 4 |  4.3
Fighting       | 2 3 4 6 8 9 10 | 10.4
Dodging        | 3 4 5 7 8 |  8.7
Unarmed Combat | 4 |  4.0
Short Blades   | 1 |  1.0
Spellcasting   | 1 3 5 |  5.0
Conjurations   | 1 3 5 |  5.0
Hexes          | 1 3 5 |  5.0
Summonings     | 1 3 5 |  5.0
Necromancy     | 1 3 5 |  5.0
Translocations | 1 3 5 |  5.0
Fire Magic     | 1 3 5 |  5.0
Ice Magic      | 1 3 5 |  5.0
Air Magic      | 1 3 5 |  5.0
Earth Magic    | 1 3 5 |  5.0
Alchemy        | 1 3 5 |  5.0
Invocations    | 1 5 6 |  6.3

Action                     |  1- 3 |  4- 6 |  7- 9 | 10-12 || total
---------------------------+-------+-------+-------+-------++-------
  Melee: Unarmed           |    83 |   103 |       |       ||   186
         Punch             |     5 |     5 |     2 |     4 ||    16
         Dagger            |       |    46 |   251 |   239 ||   536
   Cast: Foxfire           |       |     2 |    18 |     1 ||    21
         Static Discharge  |       |       |    13 |    10 ||    23
         Fugue of the Fall |       |       |       |     1 ||     1
  Evoke: Wand              |       |     1 |     3 |     4 ||     8
    Use: Potion            |       |     5 |       |     4 ||     9
         Scroll            |       |       |     6 |     2 ||     8
   Stab: Sleeping          |     1 |       |     2 |       ||     3
 Armour: Animal skin       |    29 |    52 |    18 |       ||    99
         Skin              |       |   133 |       |       ||   133
         Ring mail         |       |       |   108 |   160 ||   268
  Dodge: Dodged            |    48 |    74 |   232 |   209 ||   563
   Form: Beast             |     1 |       |       |       ||     1
